 Dungeon Crawl Stone Soup version 0.31.0-1-g2c135a0 (webtiles) character file.

Game seed: 325239649029931765

16 selexin the Slasher (level 2, -9/27 HPs)
             Began as a Minotaur Berserker on Feb 5, 2024.
             Was a Follower of Trog.
             Mangled by Terence
             ... wielding a +0 flail
              (11 damage)
             ... on level 2 of the Dungeon.
             The game lasted 00:05:03 (250 turns).

selexin the Slasher (Minotaur Berserker)             Turns: 250, Time: 00:05:04

Health: -9/27      AC:  2    Str: 21    XL:     2   Next: 37%
Magic:  1/1        EV: 12    Int:  4    God:    Trog [*.....]
Gold:   14         SH:  0    Dex:  9    Spells: 1/1 levels left

rFire   . . .        a - +0 falchion
rCold   . . .        (no shield)
rNeg    . . .        b - +0 animal skin
rPois   .            (helmet restricted)
rElec   .            (no cloak)
rCorr   .            (no gloves)
SInv    .            (no boots)
Will    .....        (no amulet)
Stlth   +            (no ring)
HPRegen 0.24/turn    (no ring)
MPRegen 0.07/turn

%: no passive effects
@: no status effects
A: horns 2, retaliatory headbutt
a: Renounce Religion, Berserk


You were on level 2 of the Dungeon.
You worshipped Trog.
Trog was aware of your devotion.
You visited 1 branch of the dungeon, and saw 2 of its levels.

You collected 14 gold pieces.

Inventory:

Hand Weapons
 a - a +0 falchion (weapon)
 c - a +0 dagger
 d - a +0 club
 e - a +0 hand axe
Armour
 b - a +0 animal skin (worn)


   Skills:
 + Level 4.0 Fighting
 + Level 4.0 Long Blades
 + Level 2.6 Armour
 + Level 2.3 Dodging


You had one spell level left.
You didn't know any spells.
Your spell library was empty.

Dungeon Overview and Level Annotations

Branches:
Dungeon (2/15)

Altars:

Annotations:
D:2 Terence


Innate Abilities, Weirdness & Mutations

You have a pair of horns on your head.
You reflexively headbutt those who attack you in melee.


Message History

You can't go up here!
You climb downwards.
There is a stone staircase leading up here.
Found 14 gold pieces.
Found an escape hatch in the ceiling.
An adder comes into view.
The adder bites you but does no damage. The adder barely misses you.
You barely miss the adder. The adder misses you. You furiously retaliate!
You headbutt the adder!
You kill the adder!
Trog accepts your kill.
Your Fighting skill increases to level 4!
Your Long Blades skill increases to level 4!
You have reached level 2!
Terence the Incautious comes into view.
He is wielding a +0 flail.
Terence shouts!
You see here an adder corpse.
An adder comes into view.
You see here 14 gold pieces.
You now have 14 gold pieces.
Found a scroll labelled OFYGUK NESAS.
A ball python comes into view.
Terence hits you with a +0 flail.
The adder hisses angrily.
The ball python hisses angrily.
You hit Terence but do no damage. You headbutt Terence, but do no damage.
Terence hits you with a +0 flail!
You barely miss Terence. You headbutt Terence!
Terence is heavily wounded.
Terence hits you with a +0 flail!
You are too injured to fight recklessly!
You are too injured to fight recklessly!
Terence attacks as he pursues you! Terence hits you with a +0 flail!
* * * LOW HITPOINT WARNING * * *
The adder bites you but does no damage. Terence hits you with a +0 flail.
* * * LOW HITPOINT WARNING * * *
The adder barely misses you. You furiously retaliate!
You headbutt the adder! The adder attacks as it pursues you!
The adder bites you.
* * * LOW HITPOINT WARNING * * *
Terence attacks as he pursues you! Terence hits you with a +0 flail!
You die...
Terence says, "Rest in peace."

#.##.# #<...#
.... ##.###
...... #.#
##..... #.#
#.....
#.###.##.#
#....<##.####
#...........#
#....@@S....#
#.....S.....#
#....†......+
#...........#
########........
#........
#........
#........
#........


You could see Terence, an adder and a ball python.

Vanquished Creatures
  An adder (D:2)
  2 goblins (D:1)
  A hobgoblin (D:1)
  A quokka (D:1)
  2 frilled lizards (D:1)
7 creatures vanquished.

Notes
Turn   | Place    | Note
-------+----------+-------------------------------------------
     0 | D:1      | selexin the Minotaur Berserker began the quest for the Orb.
     0 | D:1      | Reached XP level 1. HP: 19/19 MP: 0/0
   239 | D:2      | Reached XP level 2. HP: 27/27 MP: 1/1
   239 | D:2      | Noticed Terence
   250 | D:2      | Mangled by Terence

Illustrated notes

Levels and vault maps discovered:
D:1:      beargit_arrival_greenhouse, layout_basic
D:2:      layout_basic, basic_altar, chequers_serial_rivers_micro_c,
          uniq_terence

Skill      XL: |  1 |
---------------+----+-----
Fighting       | 4 |  4.0
Long Blades    | 4 |  4.0
Armour         | |  2.6
Dodging        | |  2.3

Action                     || total
---------------------------++-------
  Melee: Falchion          ||    16
         Headbutt          ||     5
 Armour: Animal skin       ||    15
  Dodge: Dodged            ||     9
